 Dungeon Crawl Stone Soup version 0.26-a0-1060-g086102a3f0 (webtiles) character file.

Game seed: 17260596145872915711

960 CozyGlow the Purveyor of Pain (level 7, -5/46 HPs)
             Began as a Demonspawn Necromancer on Dec 13, 2020.
             Was an Initiate of Kikubaaqudgha.
             Slain by a wyvern zombie (8 damage)
             ... on level 6 of the Dungeon.
             The game lasted 00:17:23 (6865 turns).

CozyGlow the Purveyor of Pain (DsNe)                Turns: 6865, Time: 00:17:24

Health: -5/46      AC:  9    Str:  8    XL:     7   Next: 92%
Magic:  13/13      EV:  8    Int: 18    God:    Kikubaaqudgha [......]
Gold:   105        SH:  5    Dex: 14    Spells: 13/15 levels left

rFire    . . .     SeeInvis +   y - +2 falchion (vorpal)
rCold    . . .     Faith    .   l - +2 buckler
rNeg     . . .     Spirit   .   j - +0 scale mail
rPois    .         Reflect  .   (helmet restricted)
rElec    .         Harm     .   o - +0 cloak
rCorr    .         Rampage  .   (no gloves)
Will     .....                  (no boots)
Stlth    +.........             (no amulet)
HPRegen  0.15/turn              x - ring of see invisible
MPRegen  0.13/turn              (no ring)

@: studying Axes
A: horns 1, icy blue scales 1, demonic guardian 1
a: Renounce Religion


You were on level 6 of the Dungeon.
You worshipped Kikubaaqudgha.
Kikubaaqudgha was noncommittal.
You visited 2 branches of the dungeon, and saw 7 of its levels.

You collected 245 gold pieces.
You spent 140 gold pieces at shops.

Inventory:

Hand Weapons
 c - a +0 club
 f - a +0 short sword
 u - a +0 trident
 y - a +2 vorpal falchion (weapon)
Armour
 a - a +0 robe
 g - a +0 ring mail
 j - a +0 scale mail (worn)
 l - a +2 buckler (worn)
 o - a +0 cloak (worn)
Jewellery
 x - a ring of see invisible (left hand)
Wands
 h - a wand of random effects (13)
 r - a wand of paralysis (4)
Scrolls
 b - 2 scrolls of amnesia
 d - 3 scrolls of blinking
 n - a scroll of teleportation
 q - 2 scrolls of fear
 t - 5 scrolls of identify
 w - a scroll of magic mapping
 A - 3 scrolls of enchant weapon {unknown}
Potions
 e - 2 potions of curing
 i - 3 potions of brilliance
 k - a potion of haste
 m - 2 potions of might {unknown}
 p - 3 potions of magic {unknown}
 s - 2 potions of lignification {unknown}
 v - a potion of heal wounds
 z - a potion of flight {unknown}
 B - a potion of invisibility {unknown}
 C - a potion of ambrosia {unknown}
Books
 D - a manual of Axes


   Skills:
 + Level 4.4 Dodging
 - Level 1.7 Stealth
 + Level 4.5 Spellcasting
 * Level 8.3 Necromancy


You had 13 spell levels left.
You knew the following spells:

 Your Spells              Type           Power        Failure   Level
a - Pain                  Necr           ####         8%          1
b - Animate Skeleton      Necr           ####..       8%          1

Your spell library contained the following spells:

 Spells                   Type           Power        Failure   Level
 Vampiric Draining        Necr           ####......   24%         3
 Animate Dead             Necr           ####......   61%         4
 Agony                    Necr           ####....     91%         5


Dungeon Overview and Level Annotations

Branches:
Dungeon (6/15)             Temple (1/1) D:5

Altars:
Ashenzari
Dithmenos
Gozag
Kikubaaqudgha
Nemelex Xobeh
Okawaru
Qazlal
Ru
Sif Muna
Uskayaw
Wu Jian
Yredelemnul
Zin

Shops:
D:4 ?


Innate Abilities, Weirdness & Mutations

You have a pair of small horns on your head.
You are partially covered in icy blue scales. (AC +2)
A weak demonic guardian rushes to your aid.


Message History

Your ufetubus hits the wyvern zombie. x2
The wyvern zombie bites your ufetubus!
Your ufetubus dies!
You block the wyvern zombie's attack.
You hit the wyvern zombie.
The wyvern zombie is moderately damaged.
The wyvern zombie bites you. The wyvern zombie bites you!
You hit the wyvern zombie.
The wyvern zombie is moderately damaged.
You block the wyvern zombie's attack.
You hit the wyvern zombie.
The wyvern zombie is heavily damaged.
The wyvern zombie bites you but does no damage. x2
You barely miss the wyvern zombie. Your headbutt misses the wyvern zombie.
The wyvern zombie is heavily damaged.
The wyvern zombie bites you!
* * * LOW HITPOINT WARNING * * *
The wyvern zombie bites you!
You die...
Kikubaaqudgha rasps: "You have failed me!
Welcome... death!"

#... ..# #..# #.#
#..#####.## #..##.....
# ##..##.##.# #.
##...##.##.# ..
#(.........# #.
#.#.##....#.##.#####.##
#....Z@.....#..........
###.###.#.###..###.#..#
# #.#.###..###.#..#
#+#......##.....#
..####.###..##.# . #.#
#...... #.###.###<#
#.........# +.......)..


You could see a wyvern zombie.

Vanquished Creatures
  A phantom (D:4)
  An ogre (D:4)
  2 scorpions
  2 centaur zombies (D:5)
  A hound (D:5)
  2 jellies (D:5)
  4 orc wizards
  Terence (D:2)
  Natasha (twice) (D:4)
  2 worker ants
  A hound skeleton (D:5)
  A howler monkey skeleton (D:3)
  8 adders
  3 gnolls
  4 shadow imps (D:5)
  A white imp (D:3)
  An ooze (D:3)
  An ufetubus (D:6)
  An adder skeleton (D:4)
  5 dart slugs
  5 leopard geckos
  10 orcs
  2 giant cockroaches
  6 goblins
  7 hobgoblins
  7 jackals
  3 quokkas
  4 bats
  6 frilled lizards
  A jackal skeleton (D:5)
  5 kobolds
  8 rats
  A spectral orc (D:5)
109 creatures vanquished.

Vanquished Creatures (collateral kills)
  An orc wizard (D:4)
  Natasha (D:4)
  An adder (D:4)
  An adder skeleton (D:4)
  5 orcs
  A kobold (D:2)
10 creatures vanquished.

Grand Total: 119 creatures vanquished

Notes
Turn   | Place    | Note
-------+----------+-------------------------------------------
     0 | D:1      | CozyGlow the Demonspawn Necromancer began the quest for the
                  | Orb.
     0 | D:1      | Reached XP level 1. HP: 13/13 MP: 3/3
   410 | D:1      | Gained mutation: A weak demonic guardian rushes to your
                  | aid. [demonic ancestry]
   410 | D:1      | Reached XP level 2. HP: 16/19 MP: 1/5
   702 | D:2      | Reached skill level 5 in Necromancy
   727 | D:2      | Gained mutation: You have a pair of small horns on your
                  | head. [demonic ancestry]
   727 | D:2      | Reached XP level 3. HP: 9/24 MP: 0/6
   934 | D:2      | Noticed Terence
   945 | D:2      | Killed Terence
  1224 | D:2      | Gained mutation: You are partially covered in icy blue
                  | scales. (AC +2) [demonic ancestry]
  1224 | D:2      | Reached XP level 4. HP: 25/30 MP: 2/7
  2576 | D:3      | Reached XP level 5. HP: 35/35 MP: 9/9
  2685 | D:3      | Reached skill level 6 in Necromancy
  2870 | D:3      | Found a shadowy altar of Dithmenos.
  3672 | D:4      | Noticed Natasha
  3678 | D:4      | Killed Natasha
  3856 | D:4      | Noticed an ogre
  3857 | D:4      | Reached XP level 6. HP: 27/41 MP: 4/11
  3871 | D:4      | Noticed Natasha
  4202 | D:4      | Found Peost's Magic Scroll Shop.
  4339 | D:4      | Killed Natasha
  4774 | D:4      | Bought a scroll of identify for 28 gold pieces
  4774 | D:4      | Bought a scroll of identify for 28 gold pieces
  4774 | D:4      | Bought a scroll of identify for 28 gold pieces
  4774 | D:4      | Bought a scroll of identify for 28 gold pieces
  4774 | D:4      | Bought a scroll of identify for 28 gold pieces
  4798 | D:4      | Reached skill level 7 in Necromancy
  4879 | D:4      | Noticed Natasha
  4885 | D:4      | Killed Natasha
  5068 | D:5      | Entered Level 5 of the Dungeon
  5494 | D:4      | Reached XP level 7. HP: 46/46 MP: 12/12
  6017 | D:5      | Found a staircase to the Ecumenical Temple.
  6024 | Temple   | Entered the Ecumenical Temple
  6073 | Temple   | Became a worshipper of Kikubaaqudgha
  6265 | D:5      | Reached skill level 8 in Necromancy
  6500 | D:5      | Found a basalt altar of Yredelemnul.
  6677 | D:6      | Learned a level 1 spell: Animate Skeleton
  6865 | D:6      | Slain by a wyvern zombie

Illustrated notes

Levels and vault maps discovered:
D:1:      dpeg_arrival_shelter, layout_rooms
D:2:      minmay_angry_zag, layout_rooms, uniq_terence
D:3:      layout_rooms, grunt_dithmenos_smoke
D:4:      layout_rooms, serial_shops, nicolae_shop_waterfront, uniq_natasha
D:5:      layout_rooms, yredelemnul_forgotten_temple_becter,
          minmay_temple_entry_statues_pillars, minmay_manual_maat
D:6:      layout_loops_corners
Temple:   nicolae_temple_great_sept

Skill      XL: |  1  2  3  4  5  6  7 |
---------------+----------------------+-----
Dodging        | 2 3 4 |  4.4
Necromancy     | 5 6 7 8 |  8.3
Spellcasting   | 3 4 |  4.5
Stealth        | |  1.7

Action                   |  1- 3 |  4- 6 |  7- 9 || total
-------------------------+-------+-------+-------++-------
Melee: Short sword       |     5 |    54 |       ||    59
       Headbutt          |       |    19 |    12 ||    31
       Trident           |       |    70 |       ||    70
       Falchion          |       |    24 |    63 ||    87
 Cast: Pain              |    38 |    94 |    46 ||   178
       Animate Skeleton  |       |       |     1 ||     1
Evoke: Wand              |       |     6 |       ||     6
  Use: Scroll            |       |     9 |       ||     9
 Stab: Distracted        |       |     1 |       ||     1
Armor: Ring mail         |     2 |       |       ||     2
       Scale mail        |       |   110 |    48 ||   158
Dodge: Dodged            |    10 |    70 |    32 ||   112
Block: Buckler           |       |    63 |    21 ||    84
       Rpst.: Falchion   |       |     4 |    10 ||    14

Table legend: (Time is in decaauts)
 A = Elapsed time spent in this place.
 B = Non-inter-level travel time spent in this place.
 C = Inter-level travel time spent in this place.
 D = Time resting spent in this place.
 E = Time spent auto-exploring this place.
 F = Levels seen in this place.
 G = Mean time per level.
                   A        B        C        D        E       F      G
               +--------+--------+--------+--------+--------+-----+--------+
         Total |   6937 |   6733 |    204 |   2784 |   2466 |   7 |  991.0 |
       Dungeon |   6875 |   6671 |    204 |   2784 |   2421 |   6 | 1145.8 |
        Temple |     61 |     61 |      0 |      0 |     45 |   1 |   61.0 |
               +--------+--------+--------+--------+--------+-----+--------+

Top non-repeatable levels by time:
     D:3: 2149 daAuts
     D:2: 1684 daAuts
     D:5: 1162 daAuts
     D:4: 1072 daAuts
     D:1: 604 daAuts
     D:6: 203 daAuts
  Temple: 61 daAuts
